 Dungeon Crawl Stone Soup version 0.18.1-8-gdd0e5ea (webtiles) character file.

115 namelastname112 the Vexing (level 4, -5/36 HPs)
             Began as a Draconian Arcane Marksman on May 21, 2016.
             Killed by divine providence
             ... invoked by an orc priest
              (7 damage)
             ... on level 4 of the Dungeon.
             The game lasted 00:03:12 (3038 turns).

namelastname112 the Vexing (DrAM)                   Turns: 3038, Time: 00:03:12

Health: -5/36      AC:  5    Str: 13    XL:     4   Next: 68%
Magic:  5/5        EV: 12    Int: 13    God:
Gold:   143        SH:  5    Dex: 12    Spells: 1 memorised, 4 levels left

rFire  . . .     SeeInvis .     e - +0 dagger
rCold  . . .     Gourm    .     (armour unavailable)
rNeg   . . .     Faith    .     n - +2 buckler
rPois  .         Spirit   .     (helmet restricted)
rElec  .         Dismiss  .     (no cloak)
rCorr  +         Reflect  .     (no gloves)
SustAt .         Harm     .     (no boots)
MR     .....                    (no amulet)
Stlth  ++........               (no ring)
                                m - ring of resist corrosion

@: not resistant to hostile enchantments, unstealthy
A: unfitting armour, cold-blooded, AC +5
a: no special abilities


You were on level 4 of the Dungeon.
You were hungry.

You visited 1 branch of the dungeon, and saw 4 of its levels.

You collected 143 gold pieces.

Inventory:

Hand Weapons
 e - a +0 dagger (weapon)
Missiles
 b - 7 javelins (quivered)
 c - 2 throwing nets
Armour
 n - a +2 buckler (worn)
Jewellery
 m - a ring of resist corrosion (left hand)
Scrolls
 f - 5 scrolls of remove curse {unknown}
 g - 2 scrolls of identify {unknown}
 j - 2 scrolls of enchant armour {unknown}
 k - 2 scrolls of noise {unknown}
 p - 2 scrolls of magic mapping {unknown}
 r - a scroll of random uselessness {unknown}
Potions
 h - 2 potions of heal wounds {unknown}
 l - 2 potions of degeneration {unknown}
 q - a potion of curing
 s - 2 potions of flight {unknown}
Books
 a - a book of Debilitation

   Spells                             Type                      Level
   a - Corona                         Hexes                        1
   b - Slow                           Hexes                        2
   c - Gell's Gravitas                Hexes/Translocation          3
   d - Inner Flame                    Hexes/Fire                   3
   e - Cause Fear                     Hexes                        4
   f - Leda's Liquefaction            Hexes/Earth                  4
Comestibles
 d - 4 bread rations
 i - a meat ration
 o - 3 fruits


   Skills:
 + Level 2.2 Fighting
 * Level 1.8 Short Blades
 + Level 2.4 Throwing
 + Level 2.3 Dodging
 * Level 1.9 Stealth
 + Level 0.6 Shields
 - Level 1.0 Spellcasting
 - Level 2.6 Hexes


You had 4 spell levels left.
You knew the following spells:

 Your Spells              Type           Power        Failure   Level  Hunger
a - Corona                Hex            #......      17%         1    ##.....


Dungeon Overview and Level Annotations

Branches:
Dungeon (4/15)
 Temple: D:4-7

Altars:
Cheibriados
Fedhas
Zin

Shops:
D:4 ?


Innate Abilities, Weirdness & Mutations

Your plain brown scales are hard (AC +5).
Your body does not fit into most forms of armour.
You are cold-blooded and may be slowed by cold attacks.


Message History

You take 10 damage, and have 26/36 hp.
MASSIVE DAMAGE!!
You hit the ogre but do no damage.
Your tail-slap misses the ogre.
The ogre is severely wounded.
The ogre hits you with a giant club!!
Ouch! That really hurt!
* * * LOW HITPOINT WARNING * * *
An orc comes into view. It is wielding a falchion.
You take 20 damage, and have 6/36 hp.
MASSIVE DAMAGE!!
Drink which item? (? for menu, Esc to quit)
It was a potion of curing.
You feel better.
The orc moves out of view.
The orc priest mumbles some strange prayers to Beogh against you.
Beogh smites you!
* * * LOW HITPOINT WARNING * * *
The ogre closely misses you. 2 orcs come into view.
You take 5 damage, and have 1/36 hp.
An orc wizard comes into view. It is wielding a dagger.
The orc priest mumbles some strange prayers to Beogh against you.
Beogh smites you!
You die...

#o# #. #o# #. #.#
#. #o# #. #o# #.
#O# #. #.# #. #.#
#. #@# #. #.# #.
#.###############.
#.................
##################


You could see an ogre, an orc priest and 2 orcs.

Vanquished Creatures
  Ijyb (D:2)
  3 adders
  2 worms (D:3)
  A dart slug (D:2)
  5 bats
  A giant cockroach (D:2)
  11 goblins
  7 hobgoblins
  5 jackals
  4 kobolds
  2 quokkas
  2 giant newts (D:1)
  11 rats
55 creatures vanquished.

Notes
Turn   | Place    | Note
--------------------------------------------------------------
     0 | D:1      | namelastname112 the Draconian Arcane Marksman began the quest for the Orb.
     0 | D:1      | Reached XP level 1. HP: 16/16 MP: 2/2
   402 | D:1      | Reached skill level 1 in Stealth
   413 | D:1      | Reached XP level 2. HP: 12/23 MP: 3/3
   579 | D:1      | Reached skill level 1 in Short Blades
   654 | D:1      | Reached XP level 3. HP: 8/28 MP: 4/4
  1498 | D:2      | Found a glowing silver altar of Zin.
  1852 | D:2      | Found a snail-covered altar of Cheibriados.
  1902 | D:2      | Reached XP level 4. HP: 26/36 MP: 5/5
  1927 | D:2      | Noticed Ijyb
  1950 | D:2      | Killed Ijyb
  2948 | D:4      | Found a blossoming altar of Fedhas.
  2974 | D:4      | Found Wonelaji's Magic Scroll Boutique.
  3024 | D:4      | Noticed an ogre
  3031 | D:4      | HP: 1/36 [orc priest/divine providence (14)]
  3038 | D:4      | Killed from afar by an orc priest

Skill      XL: |  1  2  3 |
---------------+----------+-----
Stealth        | 1 |  1.9
Throwing       | 2 |  2.4
Short Blades   | 1 |  1.8
Dodging        | 2 |  2.3
Fighting       | 2 |  2.2
Shields        | |  0.6
Spellcasting   | |  1.0
Hexes          | |  2.6

Action                   |  1- 3 |  4- 6 || total
-------------------------+-------+-------++-------
Melee: Dagger            |   178 |    74 ||   252
       Tailslap          |    20 |    11 ||    31
Throw: Javelin           |    10 |     8 ||    18
  Use: Potion            |       |     1 ||     1
 Stab: Sleeping          |     3 |     1 ||     4
  Eat: Chunk             |     3 |     3 ||     6
Armor: Skin              |    61 |    13 ||    74
Dodge: Dodged            |    93 |    34 ||   127
Block: Buckler           |    18 |    12 ||    30
